 Dungeon Crawl Stone Soup version 0.30-a0-223-gcb0039aa0c (webtiles) character file.

Game seed: 10826117563005558207

672 qw the Chopper (level 7, 0/43 HPs)
             Began as a Gargoyle Fighter on Oct 9, 2022.
             Was an Initiate of Okawaru.
             Slain by a hornet (8 damage)
             ... on level 6 of the Dungeon.
             The game lasted 00:02:05 (4757 turns).

qw the Chopper (Gargoyle Fighter)                   Turns: 4757, Time: 00:02:06

Health: 0/43       AC: 16    Str: 22    XL:     7   Next: 59%
Magic:  7/7        EV:  8    Int:  8    God:    Okawaru [......]
Gold:   240        SH:  5    Dex: 15    Spells: 6/6 levels left

rFire   . . .      SeeInvis .    Y - +1 war axe
rCold   . . .      Faith    .    c - +0 buckler
rNeg    + + .      Spirit   .    p - +0 chain mail
rPois   inf        Reflect  .    i - +0 helmet
rElec   +          Harm     .    (no cloak)
rCorr   .          Rampage  .    (no gloves)
Will    .....                    o - +0 pair of boots
Stlth   ..........               (no amulet)
HPRegen 0.27/turn                j - ring of positive energy
MPRegen 0.10/turn                g - +6 ring of dexterity

@: about to teleport
A: sickness immunity, AC +4, negative energy resistance 1, electricity
resistance, torment resistance 1, petrification resistance
a: Renounce Religion


You were on level 6 of the Dungeon.
You worshipped Okawaru.
Okawaru was noncommittal.
You visited 2 branches of the dungeon, and saw 7 of its levels.

You collected 285 gold pieces.
You spent 45 gold pieces at shops.


Innate Abilities, Weirdness & Mutations

You are immune to sickness and miasma.
Your stone body is resilient. (AC +4)
You are immune to poison.
You resist negative energy. (rN+)
You are resistant to electric shocks. (rElec)
You are resistant to unholy torment.
You are immune to petrification.


   Skills:
 - Level 4.1 Fighting
 + Level 6.7 Axes
 - Level 3.2 Armour
 - Level 2.0 Dodging
 - Level 3.2 Shields


You had 6 spell levels left.
You didn't know any spells.
Your spell library was empty.

Inventory:

Hand Weapons
 b - a +4 whip
 Y - a +1 war axe (weapon)
Missiles
 n - 2 boomerangs (quivered)
Armour
 c - a +0 buckler (worn)
 i - a +0 helmet (worn)
 o - a +0 pair of boots (worn)
 p - a +0 chain mail (worn)
Jewellery
 g - a +6 ring of dexterity (right hand)
 j - a ring of positive energy (left hand)
Scrolls
 h - a scroll of torment {unknown}
 l - 2 scrolls of identify
Potions
 a - 2 potions of curing
 d - a potion of might
 f - a potion of attraction
 k - a potion of resistance
 s - a potion of magic

Dungeon Overview and Level Annotations

Branches:
Dungeon (6/15)             Temple (1/1) D:5

Altars:
Ashenzari
Cheibriados
Dithmenos
Elyvilon
Fedhas
Gozag
Hepliaklqana
Makhleb
Nemelex Xobeh
Okawaru
Qazlal
Sif Muna
Trog
Uskayaw
Vehumet
Wu Jian
Xom
Yredelemnul
Zin
The Shining One

Shops:
D:3 [

Portals:
Abyss: D:3

Annotations:
D:2 1 runed translucent door, Crazy Yiuf
D:3 2 transporters, qw's ghost, amateur GrFi


Message History

l - 2 scrolls of identify (gained 1)
h - a scroll labelled NEECAM OGIST
Found 6 stones.
A hornet comes into view.
The hornet buzzes angrily.
Throw: 2 boomerangs
Press: ? - help, Q - select action Shift-Dir - straight line, f - hornet You throw a boomerang.
The boomerang barely misses the hornet.
Throw: 2 boomerangs
Press: ? - help, Q - select action Shift-Dir - straight line, f/p - hornet You throw a boomerang.
The boomerang barely misses the hornet.
You hit the hornet.
The hornet is lightly wounded.
The hornet stings you but does no damage.
The hornet stings you.
You miss the hornet.
The hornet is lightly wounded.
The hornet stings you.
You hit the hornet.
The hornet is lightly wounded.
The hornet stings you. The hornet barely misses you.
You barely miss the hornet.
The hornet is lightly wounded.
You block the hornet's attack.
The hornet stings you but does no damage.
You hit the hornet.
The hornet is moderately wounded.
The hornet stings you! x2
4755 ||| READING scroll of teleportation.
As you read the scroll of teleportation, it crumbles to dust.
You feel strangely unstable. You block the hornet's attack.
You slice the hornet!!
The hornet is severely wounded.
You block the hornet's attack. The hornet stings you.
You hit the hornet.
The hornet is almost dead.
The hornet stings you but does no damage.
The hornet stings you!
You die...

# ### ##### #. (.. ...
###.###.# #.# #
........####.####.###
....................
#.....##..<..##.###
###.............#
##.#.#...##.....####....
......y@.##..##.# .
##.###...##.....#
.....##........
##....###.###### ..##.#
### #.. #.. #.. ### #..


You could see a hornet.

Vanquished Creatures
  Menkaure (D:5)
  A phantom (D:3)
  An orc priest (D:3)
  3 hounds
  Terence (D:2)
  Jessica (D:2)
  An iguana (D:5)
  Ijyb (D:3)
  Natasha (thrice) (D:3)
  Robin (D:2)
  4 adders
  A shadow imp (D:5)
  An ufetubus (D:5)
  4 worms
  A dart slug (D:2)
  10 orcs
  5 ball pythons
  6 endoplasms
  4 giant cockroaches
  16 goblins
  11 hobgoblins
  4 jackals (D:4)
  3 quokkas
  4 bats
  2 frilled lizards (D:1)
  14 kobolds
  4 rats
108 creatures vanquished.

Vanquished Creatures (others)
  2 plants (D:1)
2 creatures vanquished.

Grand Total: 110 creatures vanquished

Notes
Turn   | Place    | Note
-------+----------+-------------------------------------------
     0 | D:1      | qw the Gargoyle Fighter began the quest for the Orb.
     0 | D:1      | Reached XP level 1. HP: 14/14 MP: 1/1
     0 | D:1      | 0 ||| qw: Version: 0.2-a-17-g06abaee
     0 | D:1      | 0 ||| qw: Game counter: 2159
     0 | D:1      | 0 ||| qw: Always use a shield: true
     0 | D:1      | 0 ||| qw: God list: Okawaru
     0 | D:1      | 0 ||| qw: Allow faded altars: false
     0 | D:1      | 0 ||| qw: Do Orc after D:15 true
     0 | D:1      | 0 ||| qw: Do second Lair branch before Depths: true
     0 | D:1      | 0 ||| qw: Lair rune preference: random
     0 | D:1      | 0 ||| qw: Plans: Normal, Zot:1-4, God:TSO, Crypt, Tomb,
                  | Pan, Slime:5, Hells, Abyss, Orb
     0 | D:1      | 0 ||| PLANNING D:1-11
   109 | D:1      | Reached skill level 2 in Axes
   213 | D:1      | 213 ||| Stepping ~*~*~tactically~*~*~ (stealth).
   235 | D:1      | Reached XP level 2. HP: 19/19 MP: 2/2
   394 | D:1      | Found a faded altar of an unknown god.
   455 | D:1      | 455 ||| DROPPING +0 club.
   544 | D:1      | Reached skill level 3 in Axes
   840 | D:1      | Reached XP level 3. HP: 21/23 MP: 3/3
   967 | D:1      | 967 ||| UPGRADING to ring of positive energy.
   968 | D:1      | 968 ||| READING scroll labelled UNONOGEHUU.
   969 | D:1      | 969 ||| READING scroll labelled EWAEGO GIAR.
   970 | D:1      | 970 ||| READING scroll labelled UTOEXKEUDAN.
   975 | D:1      | 975 ||| READING scroll labelled LUGUBL DYMUICU.
   976 | D:1      | 976 ||| READING scroll labelled RIUSESKEIQE.
   977 | D:1      | 977 ||| DRINKING 2 yellow potions.
   978 | D:1      | 978 ||| DROPPING potion of degeneration.
  1010 | D:2      | 1010 ||| STAIRDANCE
  1076 | D:2      | 1076 ||| FLEEEEING.
  1077 | D:2      | 1077 ||| FLEEEEING.
  1078 | D:2      | 1078 ||| FLEEEEING.
  1079 | D:2      | 1079 ||| FLEEEEING.
  1080 | D:2      | 1080 ||| FLEEEEING.
  1081 | D:2      | 1081 ||| FLEEEEING.
  1082 | D:2      | 1082 ||| FLEEEEING.
  1083 | D:2      | 1083 ||| FLEEEEING.
  1233 | D:2      | Noticed Jessica
  1237 | D:2      | Killed Jessica
  1238 | D:2      | Reached skill level 4 in Axes
  1238 | D:2      | Reached XP level 4. HP: 28/28 MP: 4/4
  1247 | D:2      | 1247 ||| Stepping ~*~*~tactically~*~*~ (hiding).
  1253 | D:2      | Noticed Robin
  1262 | D:2      | Killed Robin
  1269 | D:2      | 1269 ||| Stepping ~*~*~tactically~*~*~ (stealth).
  1373 | D:2      | 1373 ||| FLEEEEING.
  1374 | D:2      | 1374 ||| FLEEEEING.
  1375 | D:2      | 1375 ||| FLEEEEING.
  1376 | D:2      | 1376 ||| FLEEEEING.
  1377 | D:2      | 1377 ||| FLEEEEING.
  1378 | D:2      | 1378 ||| FLEEEEING.
  1379 | D:2      | 1379 ||| FLEEEEING.
  1380 | D:2      | 1380 ||| FLEEEEING.
  1381 | D:2      | 1381 ||| FLEEEEING.
  1382 | D:2      | 1382 ||| FLEEEEING.
  1461 | D:2      | Reached XP level 5. HP: 32/32 MP: 5/5
  1590 | D:2      | Noticed Terence
  1607 | D:2      | Killed Terence
  1850 | D:2      | Reached skill level 5 in Axes
  2073 | D:2      | Found a runed translucent door.
  2074 | D:2      | Noticed Crazy Yiuf
  2077 | D:2      | 2077 ||| UPGRADING to +0 helmet.
  2082 | D:2      | 2082 ||| UPGRADING to +6 ring of dexterity.
  2083 | D:2      | 2083 ||| READING scroll labelled NAGUDY IPRUTH.
  2181 | D:3      | 2181 ||| Stepping ~*~*~tactically~*~*~ (stealth).
  2196 | D:3      | 2196 ||| Stepping ~*~*~tactically~*~*~ (stealth).
  2197 | D:3      | 2197 ||| Stepping ~*~*~tactically~*~*~ (stealth).
  2198 | D:3      | 2198 ||| Stepping ~*~*~tactically~*~*~ (stealth).
  2224 | D:3      | 2224 ||| Stepping ~*~*~tactically~*~*~ (hiding).
  2225 | D:3      | 2225 ||| Stepping ~*~*~tactically~*~*~ (hiding).
  2227 | D:3      | 2227 ||| Stepping ~*~*~tactically~*~*~ (hiding).
  2228 | D:3      | 2228 ||| Stepping ~*~*~tactically~*~*~ (hiding).
  2229 | D:3      | 2229 ||| Stepping ~*~*~tactically~*~*~ (hiding).
  2230 | D:3      | 2230 ||| Stepping ~*~*~tactically~*~*~ (hiding).
  2348 | D:3      | Noticed a phantom
  2359 | D:3      | Killed a phantom
  2360 | D:3      | Reached XP level 6. HP: 33/37 MP: 6/6
  2446 | D:3      | Found a transporter.
  2501 | D:3      | Found Fuumnurch's Armour Shop.
  2506 | D:3      | 2506 ||| BUYING +0 chain mail (45 gold).
  2506 | D:3      | Bought a +0 chain mail for 45 gold pieces
  2506 | D:3      | 2506 ||| SHOPLISTING +0 scale mail of cold resistance (110
                  | gold, have 59).
  2506 | D:3      | 2506 ||| SHOPLISTING +1 ring mail "Ruon" {+Inv Regen+ Str+2
                  | SInv} (314 gold, have 59).
  2506 | D:3      | 2506 ||| SHOPLISTING +3 plate armour of cold resistance
                  | (450 gold, have 59).
  2506 | D:3      | 2506 ||| SHOPLISTING +3 plate armour of poison resistance
                  | (420 gold, have 59).
  2535 | D:3      | Noticed Ijyb
  2536 | D:3      | 2536 ||| Stepping ~*~*~tactically~*~*~ (hiding).
  2547 | D:3      | Killed Ijyb
  2577 | D:3      | 2577 ||| Stepping ~*~*~tactically~*~*~ (stealth).
  2578 | D:3      | 2578 ||| Stepping ~*~*~tactically~*~*~ (stealth).
  2581 | D:3      | 2581 ||| Stepping ~*~*~tactically~*~*~ (stealth).
  2585 | D:3      | 2585 ||| Stepping ~*~*~tactically~*~*~ (stealth).
  2701 | D:3      | Noticed Natasha
  2713 | D:3      | HP: 9/38 [Natasha (2)]
  2717 | D:3      | Killed Natasha
  2837 | D:3      | Identified the +3 glaive "Peishriqu" {vorpal, Will++ Dex+5}
  2877 | D:3      | Found a transporter.
  2911 | D:3      | Noticed qw's ghost (amateur GrFi)
  2911 | D:3      | Noticed Natasha
  2919 | D:3      | Killed Natasha
  3042 | D:3      | Noticed Natasha
  3044 | D:3      | 3044 ||| FLEEEEING.
  3045 | D:3      | 3045 ||| FLEEEEING.
  3046 | D:3      | 3046 ||| FLEEEEING.
  3051 | D:3      | 3051 ||| FLEEEEING.
  3052 | D:3      | 3052 ||| FLEEEEING.
  3055 | D:3      | 3055 ||| FLEEEEING.
  3056 | D:3      | 3056 ||| FLEEEEING.
  3059 | D:3      | 3059 ||| Stepping ~*~*~tactically~*~*~ (hiding).
  3064 | D:3      | Killed Natasha
  3171 | D:3      | Found a one-way gate to the infinite horrors of the Abyss.
  3243 | D:3      | 3243 ||| UPGRADING to +0 pair of boots.
  3248 | D:3      | 3248 ||| UPGRADING to +0 chain mail.
  3258 | D:3      | 3258 ||| DROPPING +0 scale mail.
  3259 | D:3      | 3259 ||| READING scroll labelled OMUYWAT ETAO.
  3260 | D:3      | 3260 ||| READING scroll labelled BEMNEN LEICIWK.
  3361 | D:3      | 3361 ||| READING scroll labelled GOGUXO JUPPO.
  3362 | D:3      | 3362 ||| READING scroll labelled ACESMI PUHIAF.
  3363 | D:3      | 3363 ||| DRINKING 2 green potions.
  3364 | D:3      | 3364 ||| DRINKING 2 grey potions.
  3365 | D:3      | 3365 ||| DROPPING potion of brilliance.
  3645 | D:4      | Found a shimmering blue altar of Sif Muna.
  3680 | D:4      | Reached XP level 7. HP: 43/43 MP: 7/7
  3959 | D:4      | 3959 ||| READING scroll labelled GATOHU IKIA.
  3960 | D:4      | 3960 ||| READING 2 scrolls labelled XOVEBI LIODUSCH.
  3961 | D:4      | 3961 ||| READING scroll labelled JEWKEGOILA.
  3962 | D:4      | 3962 ||| DRINKING 2 bubbling cyan potions.
  3963 | D:4      | 3963 ||| READING 2 scrolls of identify.
  3963 | D:4      | 3963 ||| IDENTIFYING cyan potion
  3964 | D:4      | 3964 ||| DROPPING scroll of fear.
  3983 | D:5      | Entered Level 5 of the Dungeon
  3990 | D:5      | Found a staircase to the Ecumenical Temple.
  3991 | D:5      | 3991 ||| PLANNING TEMPLE
  3999 | Temple   | Entered the Ecumenical Temple
  4000 | Temple   | 4000 ||| PLANNING OKAWARU WORSHIP
  4006 | Temple   | Became a worshipper of Warmaster Okawaru
  4007 | Temple   | 4007 ||| PLANNING D:1-11
  4135 | D:5      | Found a hazy altar of Hepliaklqana.
  4210 | D:5      | 4210 ||| Stepping ~*~*~tactically~*~*~ (stealth).
  4212 | D:5      | 4212 ||| Stepping ~*~*~tactically~*~*~ (stealth).
  4214 | D:5      | 4214 ||| Stepping ~*~*~tactically~*~*~ (stealth).
  4215 | D:5      | Noticed Menkaure
  4216 | D:5      | 4216 ||| Stepping ~*~*~tactically~*~*~ (hiding).
  4220 | D:5      | Reached skill level 6 in Axes
  4226 | D:5      | HP: 6/43 [Menkaure (13)]
  4227 | D:5      | 4227 ||| DRINKING potion of heal wounds.
  4230 | D:5      | Killed Menkaure
  4287 | D:5      | 4287 ||| DROPPING +0 whip.
  4715 | D:5      | 4715 ||| DRINKING 2 emerald potions.
  4716 | D:5      | 4716 ||| READING 2 scrolls of identify.
  4716 | D:5      | 4716 ||| IDENTIFYING glowing puce potion
  4732 | D:6      | 4732 ||| PLANNING SEWER
  4747 | D:6      | Noticed a hornet
  4754 | D:6      | HP: 10/43 [hornet (12)]
  4755 | D:6      | 4755 ||| READING scroll of teleportation.
  4757 | D:6      | Slain by a hornet

Levels and vault maps discovered:
D:1:      minmay_arrival_loop, layout_basic, serial_forest,
          infiniplex_forest_straight_1, infiniplex_forest_clump_double,
          infiniplex_forest_clump_long, infiniplex_forest_clump_diagonal,
          infiniplex_forest_lined_3, shapermc_ecumenical_altar_totnotflames
D:2:      layout_basic, uniq_robin, uniq_jessica, uniq_terence,
          uniq_crazy_yiuf_cottage
D:3:      layout_loops_ring, gammafunk_ghost_abyssal_escape, serial_shops,
          nicolae_diamond_shop, uniq_ijyb, uniq_natasha
D:4:      layout_gridville, led_sif_pool
D:5:      layout_cave_pods, mainiacjoe_overflow_six_doors_small,
          minmay_temple_entry_large_hall, small_statue_intersection,
          grunt_decor_one_mirror, uniq_menkaure
D:6:      layout_basic, nicolae_ru_awakened_eye, cheibrodos_sewer_entry_bend,
          hangedman_decor_diamond_cutter
Temple:   nicolae_temple_no_exploring_needed

Skill      XL: |  1  2  3  4  5  6  7 |
---------------+----------------------+-----
Axes           | 2 3 4 5 6 |  6.7
Dodging        | 2 |  2.0
Fighting       | 4 |  4.1
Armour         | |  3.2
Shields        | |  3.2

Action                   |  1- 3 |  4- 6 |  7- 9 || total
-------------------------+-------+-------+-------++-------
Melee: War axe           |   114 |   216 |    51 ||   381
Throw: Boomerang         |       |    10 |    16 ||    26
  Use: Scroll            |     5 |     5 |     6 ||    16
       Potion            |     1 |     2 |     3 ||     6
Armor: Scale mail        |    42 |    76 |       ||   118
       Chain mail        |       |    18 |    28 ||    46
Dodge: Dodged            |    60 |    81 |    14 ||   155
Block: Buckler           |    10 |    36 |     9 ||    55

Table legend:
 A = Non-vault XP
 B = Vault XP
 C = Vault XP percentage of total XP
 D = Non-vault monster count
 E = Vault monster count
 F = Vault count percentage of total count
                 A         B        C        D         E       F
            +---------+---------+-------+---------+---------+-------
      Total |     606 |     355 |  36.9 |      90 |      18 |  16.7
            +---------+---------+-------+---------+---------+-------
        D:1 |      36 |       0 |   0.0 |      23 |       0 |   0.0
        D:2 |      91 |     114 |  55.6 |      30 |      15 |  33.3
        D:3 |     256 |      72 |  22.0 |      19 |       2 |   9.5
        D:4 |      60 |       0 |   0.0 |       9 |       0 |   0.0
        D:5 |     163 |     169 |  50.9 |       9 |       1 |  10.0
            +---------+---------+-------+---------+---------+-------
